 Dungeon Sprint DCSS version 0.30.1-11-g7821555f0a (webtiles) character file.

Game seed: 16481366641730144017

10381 Groucho the Naga Aeon (level 11, -5/114 HPs)
             Began as a Naga Fighter on Jan 16, 2024.
             Was the Champion of Cheibriados.
             Slain by an alligator snapping turtle (37 damage)
             ... in the Dungeon (Sprint VII: "The Pits").
             The game lasted 00:07:03 (3570 turns).

Groucho the Naga Aeon (Naga Fighter)                Turns: 3570, Time: 00:07:04

Health: -5/114     AC: 15    Str: 34    XL:     11   Next: 61%
Magic:  12/23      EV: 15    Int: 27    God:    Cheibriados [******]
Gold:   0          SH:  9    Dex: 29    Spells: 22/22 levels left

rFire   . . .        t - +2 war axe (freeze)
rCold   . . .        c - +0 buckler
rNeg    . . .        p - +3 chain mail
rPois   +            (no helmet)
rElec   .            k - +0 cloak
rCorr   .            (no gloves)
SInv    +            (no barding)
Will    +....        (no amulet) Stlth
                     q - +3 ring of evasion
HPRegen 0.39/turn    r - +3 ring of dexterity
MPRegen 0.18/turn

%: no teleportation
@: very slow
A: AC +3, large, see invisible, deformed body, poison resistance, slowness 2,
spit poison 1, naga tail 1
a: Spit Poison, Renounce Religion, Bend Time, Temporal Distortion, Slouch, Step
From Time


You were in the Dungeon.
You worshipped Cheibriados.
Cheibriados was exalted by your worship.
You visited 1 branch

Inventory:

Hand Weapons
 a - a +2 morningstar of protection
 t - a +2 war axe of freezing (weapon)
Missiles
 o - 10 stones
Armour
 c - a +0 buckler (worn)
 k - a +0 cloak (worn)
 p - a +3 chain mail (worn)
Jewellery
 q - a +3 ring of evasion (left hand)
 r - a +3 ring of dexterity (right hand)
Scrolls
 m - 5 scrolls of amnesia
 n - a scroll of butterflies
Potions
 d - a potion of might
 e - 7 potions of curing
 f - 3 potions of heal wounds
 g - a potion of haste
 h - 2 potions of magic
 i - 5 potions of berserk rage
 l - 2 potions of invisibility
 s - a potion of mutation


   Skills:
 + Level 11.7 Fighting
 + Level 11.4 Axes
 + Level 10.0 Armour
 + Level 6.1 Dodging
 + Level 10.9 Shields
 + Level 6.4 Spellcasting
 - Level 16.0 Invocations


You had 22 spell levels left.
You didn't know any spells.
Your spell library was empty.

Dungeon Overview and Level Annotations

Branches:
Dungeon (1/1)

Altars:
Ashenzari
Cheibriados
Dithmenos
Elyvilon
Fedhas
Gozag
Hepliaklqana
Kikubaaqudgha
Makhleb
Nemelex Xobeh
Okawaru
Qazlal
Ru
Sif Muna
Trog
Uskayaw
Vehumet
Wu Jian
Xom
Yredelemnul
Zin
The Shining One
Jiyva
Lugonu


Innate Abilities, Weirdness & Mutations

Your serpentine skin is tough. (AC +3)
You have supernaturally acute eyesight. (SInv)
Armour fits poorly on your strangely shaped body.
Your system is resistant to poisons. (rPois)
You cover ground very slowly.
You can spit poison.
You have a snake-like lower body.


Message History

* * * LOW HITPOINT WARNING * * *
Your Armour skill increases to level 10!
Unknown command.
Unknown command.
Unknown command.
You feel much better.
A wolf comes into view.
The alligator snapping turtle bites you but does no damage.
Unknown command.
Unknown command.
Okay, then.
You feel much better.
The wolf howls!
Magic courses through your body.
The alligator snapping turtle bites you from afar!!
* * * LOW HITPOINT WARNING * * *
Unknown command.
You feel much better.
The alligator snapping turtle bites you from afar!!
* * * LOW HITPOINT WARNING * * *
You feel much better. You block the wolf's attack.
The alligator snapping turtle closely misses you.
Unknown command.
You feel much better. The wolf bites you! You block the wolf's attack.
The alligator snapping turtle bites you from afar!!
You feel much better. You block the wolf's attack. The wolf closely misses you.
Unknown command.
Activating: Slouch (0% risk of failure)
Press: ? - help, Dir - look around, f - activate You can feel time thicken for a moment.
You kill the wolf!
Cheibriados thoroughly appreciates the change of pace.
The alligator snapping turtle bites you from afar!!
Unknown command.
Unknown command.
Unknown command.
The alligator snapping turtle bites you!
* * * LOW HITPOINT WARNING * * *
The alligator snapping turtle bites you!!!
You die...

###''##### .##''###########
###### .##..)...'..'...##
..... .##).....'..).....##
.... .##))...##..##.....##
...# .##)..###....###....#
)).#
.##..##....)...###.###).# .
.##''#...#.)#..÷#t...#†.#†x..
###......[......@)...'.)'†c..
###''#.))#..#...#....#..#.l..
[##))##.......)###.###..# .
[##...###....###.)..# ...#
)##.....##..##.)...## ...#
)###..)).'..).....## .... )#
###...'..'.).### ..... ##
############ ######


You could see an alligator snapping turtle.

Vanquished Creatures
  A hydra (D)
  An orc high priest (D)
  A sea snake (D)
  A bog body (D)
  4 phantasmal warriors (D)
  An orc knight (D)
  A cyclops (D)
  A smoke demon (D)
  A black mamba (D)
  A cane toad (D)
  An orange demon (D)
  A freezing wraith (D)
  An unseen horror (D)
  A troll (D)
  A guardian mummy (D)
  A tarantella (D)
  An air elemental (D)
  A spriggan (D)
  A shadow (D)
  5 vampire mosquitoes (D)
  A redback (D)
  A basilisk (D)
  4 wargs (D)
  5 orc warriors (D)
  2 small abominations (D)
  A sky beast (D)
  A centaur (D)
  4 wolves (D)
  3 gnoll sergeants (D)
  Crazy Yiuf (D)
  A gnoll bouda (D)
  An iguana (D)
  An orc wizard (D)
  15 gnolls (D)
  2 adders (D)
  An adder skeleton (D)
  4 orcs (D)
  3 endoplasms (D)
  2 giant cockroaches (D)
  2 jackals (D)
  2 quokkas (D)
  3 ball pythons (D)
  A frilled lizard (D)
  A giant cockroach zombie (D)
  A kobold (D)
90 creatures vanquished.

Notes
Turn   | Place    | Note
-------+----------+-------------------------------------------
     0 | D        | Groucho the Naga Fighter began the quest for the Orb.
     0 | D        | Reached XP level 1. HP: 21/21 MP: 1/1
    12 | D        | Reached skill level 1 in Invocations
    41 | D        | Found a glowing golden altar of the Shining One.
    41 | D        | Found a glowing silver altar of Zin.
    41 | D        | Found a basalt altar of Yredelemnul.
    41 | D        | Found a shimmering altar of Xom.
    41 | D        | Found an ornate altar of the Wu Jian Council.
    41 | D        | Found a bloodstained altar of Trog.
    41 | D        | Found a shimmering blue altar of Sif Muna.
    41 | D        | Found a sacrificial altar of Ru.
    41 | D        | Found a stormy altar of Qazlal.
    41 | D        | Found an iron altar of Okawaru.
    41 | D        | Found a sparkling altar of Nemelex Xobeh.
    41 | D        | Found a burning altar of Makhleb.
    41 | D        | Found a viscous altar of Jiyva.
    41 | D        | Found a hazy altar of Hepliaklqana.
    41 | D        | Found an opulent altar of Gozag.
    41 | D        | Found a blossoming altar of Fedhas.
    41 | D        | Found a white marble altar of Elyvilon.
    41 | D        | Found a shadowy altar of Dithmenos.
    41 | D        | Found a snail-covered altar of Cheibriados.
    42 | D        | Found a radiant altar of Vehumet.
    42 | D        | Found a corrupted altar of Lugonu.
    43 | D        | Found an ancient bone altar of Kikubaaqudgha.
    43 | D        | Found a hide-covered altar of Uskayaw.
    43 | D        | Found a broken altar of Ashenzari.
    50 | D        | Became a worshipper of Cheibriados the Contemplative
    68 | D        | Reached * piety under Cheibriados
    74 | D        | Reached skill level 2 in Invocations
    74 | D        | Reached XP level 2. HP: 28/28 MP: 3/3
    76 | D        | Reached ** piety under Cheibriados
   249 | D        | Reached *** piety under Cheibriados
   261 | D        | Reached skill level 3 in Invocations
   261 | D        | Reached XP level 3. HP: 21/36 MP: 3/5
   674 | D        | Noticed a sky beast
   680 | D        | Noticed Crazy Yiuf
   682 | D        | Noticed a gnoll sergeant
   684 | D        | Killed a sky beast
   685 | D        | Reached skill level 5 in Invocations
   685 | D        | Reached XP level 4. HP: 10/45 MP: 5/8
   688 | D        | Reached **** piety under Cheibriados
   689 | D        | Reached skill level 6 in Invocations
   689 | D        | Reached XP level 5. HP: 33/51 MP: 5/9
   689 | D        | Killed Crazy Yiuf
   689 | D        | Reached ***** piety under Cheibriados
   690 | D        | Reached skill level 5 in Fighting
   690 | D        | Reached skill level 5 in Axes
   690 | D        | Reached skill level 5 in Shields
   690 | D        | Reached skill level 7 in Invocations
   690 | D        | Reached XP level 6. HP: 41/62 MP: 0/11
   978 | D        | Noticed a warg
   981 | D        | Killed a warg
   982 | D        | Reached skill level 5 in Armour
   982 | D        | Reached skill level 8 in Invocations
  1326 | D        | Noticed a bog body
  1329 | D        | Killed a bog body
  1330 | D        | Reached skill level 10 in Invocations
  1330 | D        | Reached XP level 7. HP: 72/72 MP: 7/15
  1330 | D        | Reached XP level 8. HP: 80/80 MP: 7/16
  1627 | D        | Reached skill level 11 in Invocations
  1659 | D        | Noticed a freezing wraith
  1667 | D        | Killed a freezing wraith
  1798 | D        | Noticed an orc high priest
  1798 | D        | Noticed a tarantella
  1799 | D        | Killed a tarantella
  1799 | D        | Reached ****** piety under Cheibriados
  1800 | D        | Reached skill level 12 in Invocations
  1800 | D        | Reached XP level 9. HP: 79/90 MP: 11/18
  1801 | D        | Killed an orc high priest
  1802 | D        | Reached skill level 13 in Invocations
  2252 | D        | Noticed a phantasmal warrior
  2260 | D        | Killed a phantasmal warrior
  2261 | D        | Reached skill level 1 in Dodging
  2261 | D        | Reached skill level 1 in Spellcasting
  2460 | D        | Noticed an orange demon
  2467 | D        | Noticed a sea snake
  2468 | D        | Killed an orange demon
  2471 | D        | Killed a sea snake
  2472 | D        | Reached skill level 14 in Invocations
  2472 | D        | Reached XP level 10. HP: 102/102 MP: 9/20
  2709 | D        | Reached skill level 10 in Fighting
  3002 | D        | Noticed a phantasmal warrior
  3002 | D        | Noticed a smoke demon
  3004 | D        | Killed a phantasmal warrior
  3004 | D        | Killed a smoke demon
  3005 | D        | Reached skill level 10 in Axes
  3211 | D        | Noticed a phantasmal warrior
  3213 | D        | Reached skill level 15 in Invocations
  3214 | D        | Noticed a phantasmal warrior
  3215 | D        | Killed a phantasmal warrior
  3219 | D        | Killed a phantasmal warrior
  3220 | D        | Reached XP level 11. HP: 68/110 MP: 8/22
  3233 | D        | Reached skill level 10 in Shields
  3234 | D        | Noticed an orc knight
  3240 | D        | Killed an orc knight
  3241 | D        | Reached skill level 5 in Spellcasting
  3541 | D        | Noticed an alligator snapping turtle
  3542 | D        | Noticed a seven-headed hydra
  3544 | D        | Paralysed by an air elemental for 1 turns
  3544 | D        | Noticed a cyclops
  3546 | D        | Reached skill level 5 in Dodging
  3546 | D        | Reached skill level 16 in Invocations
  3548 | D        | Killed a seven-headed hydra
  3548 | D        | Killed a cyclops
  3562 | D        | Reached skill level 10 in Armour
  3570 | D        | Slain by an alligator snapping turtle

Illustrated notes

Levels and vault maps discovered:
D:        pitsprint [storerooms_1, entrance_room_1, metal_vault_4, armoury_1,
          mini_pit_1, grid_room_1, main_hall_1, silver_pit, the_coven_1,
          the_vestibule_1, steel_vault_4, golden_pit, hallway_of_sentries,
          crystal_vault_2, iron_vault_4, final_vault]

Skill      XL: |  1  2  3  4  5  6  7  8  9 10 11 |
---------------+----------------------------------+-----
Invocations    | 2 3 5 6 7 10 12 14 15 16 | 16.0
Shields        | 3 4 5 6 8 9 10 | 10.9
Armour         | 3 4 6 7 8 9 10 | 10.0
Fighting       | 4 5 7 8 9 10 11 | 11.7
Axes           | 4 5 7 8 9 10 11 | 11.4
Dodging        | 2 4 6 |  6.1
Spellcasting   | 2 4 6 |  6.4

Action                     |  1- 3 |  4- 6 |  7- 9 | 10-12 || total
---------------------------+-------+-------+-------+-------++-------
  Melee: Hand axe          |    30 |    14 |     4 |       ||    48
         War axe           |     2 |       |    12 |    27 ||    41
 Invoke: Slouch            |       |     4 |     8 |    16 ||    28
Ability: Spit Poison       |     1 |       |     1 |     4 ||     6
    Use: Potion            |     1 |     1 |     2 |    11 ||    15
         Scroll            |       |       |       |     1 ||     1
   Stab: Paralysed         |       |       |       |     1 ||     1
 Armour: Scale mail        |     7 |       |       |       ||     7
         Chain mail        |     2 |     5 |    13 |    20 ||    40
  Dodge: Dodged            |     8 |     5 |     9 |    21 ||    43
  Block: Buckler           |     4 |     5 |     7 |    29 ||    45
